 Dungeon Sprint DCSS version 0.30-a0-760-g5a9884bb7c (webtiles) character file.

Game seed: 11885779198504744197

1544 sircluck the Brawler (level 8, -5/71 HPs)
             Began as a Ghoul Gladiator on Feb 10, 2023.
             Slain by a cyan ugly thing (15 damage)
             ... in the Dungeon (Sprint IX: "|||||||||||||||||||||||||||||").
             The game lasted 00:01:44 (196 turns).

sircluck the Brawler (Ghoul Gladiator)               Turns: 196, Time: 00:01:44

Health: -5/71      AC: 11    Str: 23    XL:     8   Next: 87%
Magic:  7/7        EV: 15    Int:  3    God:
Gold:   0          SH:  0    Dex: 10    Spells: 7/7 levels left

rFire   . . .      SeeInvis .      - Unarmed
rCold   + . .      Faith    .    (no shield)
rNeg    + + +      Spirit   .    p - +1 scale mail
rPois   ∞          Reflect  .    b - +0 helmet
rElec   .          Harm     .    o - +0 cloak
rCorr   .          Rampage  .    n - +0 pair of gloves
Will    .....      NoTele   +    (no boots) Stlth
                                 (no amulet)
HPRegen 0.00/turn                r - +3 ring of strength
MPRegen 0.10/turn                q - +2 ring of evasion

@: inhibited regen
A: claws 1, cold resistance 1, negative energy resistance 3, inhibited
regeneration, torment resistance 2, devour on kill
a: no special abilities


You were in the Dungeon.
You visited 1 branch

Inventory:

Missiles
 c - 3 throwing nets (quivered)
 d - a javelin
Armour
 a - a +0 leather armour
 b - a +0 helmet (worn)
 n - a +0 pair of gloves (worn)
 o - a +0 cloak (worn)
 p - a +1 scale mail (worn)
Jewellery
 q - a +2 ring of evasion (right hand)
 r - a +3 ring of strength (left hand)
Wands
 m - a wand of acid (5)
Scrolls
 j - 2 scrolls of blinking
 l - 2 scrolls of amnesia
Potions
 e - 5 potions of curing
 f - a potion of heal wounds
 g - a potion of haste
 h - 4 potions of magic
 i - a potion of berserk rage
 k - a potion of invisibility


   Skills:
 + Level 6.9 Fighting
 + Level 4.8 Throwing
 + Level 3.2 Armour
 + Level 9.6 Dodging
 + Level 1.0 Stealth
 + Level 15.3 Unarmed Combat
 + Level 1.1 Evocations


You had 7 spell levels left.
You didn't know any spells.
Your spell library was empty.

Dungeon Overview and Level Annotations

Branches:
Dungeon (1/1)

Altars:
Cheibriados
Dithmenos
Fedhas
Gozag
Hepliaklqana
Kikubaaqudgha
Makhleb
Nemelex Xobeh
Okawaru
Qazlal
Ru
Sif Muna
Trog
Uskayaw
Vehumet
Wu Jian
Xom
Yredelemnul
Jiyva
Lugonu


Innate Abilities, Weirdness & Mutations

You are immune to poison.
You have sharp fingernails.
Your flesh is cold resistant. (rC+)
You are immune to negative energy. (rN+++)
You do not regenerate when monsters are visible.
You are immune to unholy pain and torment.
You thrive by killing the living.


Message History

Press: ? - help, Q - select action, (/) - cycle Shift-Dir - straight line, f - cyan ugly thing
Aim: a cyan ugly thing (moderately wounded, covered in acid, 71% to hit)
The bolt of acid hits the harpy.
The harpy seems to be corroded for longer.
You kill the harpy!
The harpy's shape twists and changes as it dies.
The bolt of acid hits the boulder beetle!
The boulder beetle seems to be corroded for longer.
The boulder beetle is lightly wounded.
The bolt of acid hits the cyan ugly thing!
The cyan ugly thing seems to be corroded for longer.
The cyan ugly thing is heavily wounded.
The bolt of acid hits the vampire.
The vampire is lightly damaged.
The vampire mumbles some strange words.
The vampire flickers and vanishes!
Deactivating autopickup; reactivate with Ctrl-A.
Your Armour skill increases to level 3!
Your Unarmed Combat skill increases to level 15!
Your Evocations skill increases to level 1!
You feel much better. The boulder beetle bites you!
* * * LOW HITPOINT WARNING * * *
You feel much better. The boulder beetle barely misses you.
You punch the boulder beetle!
The boulder beetle is moderately wounded.
The boulder beetle leaps!
The cyan ugly thing tail-slaps you! The cyan ugly thing shocks you!
* * * LOW HITPOINT WARNING * * *
There is an open door here.
You see here a shapeshifter corpse.
Unknown command.
You punch the cyan ugly thing!
The cyan ugly thing is severely wounded.
The cyan ugly thing closely misses you.
You punch the cyan ugly thing!
The cyan ugly thing is almost dead.
The cyan ugly thing tail-slaps you.
* * * LOW HITPOINT WARNING * * *
The cyan ugly thing shocks you!
You die... ▓▓▓▓▓▓▓▓▓▓▓▓▓▓▓▓▓▓▓▓▓▓▓▓ ..)......)).....@u..B..+ ▓▓▓▓▓▓▓▓▓▓▓▓▓▓▓▓▓▓▓▓▓▓▓▓

You could see a boulder beetle (corroded) and a cyan ugly thing (corroded).

Vanquished Creatures
  A harpy (shapeshifter) (D)
  A gargoyle (D)
  A shadow (D)
  A yak (D)
  A vampire mosquito (D)
  An orc warrior (D)
  An ogre (D)
  2 centaurs (D)
  A necrophage (D)
  A killer bee (D)
  A jelly (D)
  A worm (D)
  A dart slug (D)
  An orc (D)
  2 endoplasms (D)
  A hobgoblin (D)
  A frilled lizard (D)
19 creatures vanquished.

Notes
Turn   | Place    | Note
-------+----------+-------------------------------------------
     0 | D        | sircluck the Ghoul Gladiator began the quest for the Orb.
     0 | D        | Reached XP level 1. HP: 17/17 MP: 0/0
    13 | D        | Reached skill level 4 in Unarmed Combat
    17 | D        | Reached XP level 2. HP: 24/25 MP: 1/1
    25 | D        | Noticed an ogre
    25 | D        | Noticed a necrophage
    32 | D        | Killed an ogre
    33 | D        | Reached skill level 5 in Dodging
    33 | D        | Reached skill level 7 in Unarmed Combat
    33 | D        | Reached XP level 3. HP: 33/33 MP: 2/2
    33 | D        | Reached XP level 4. HP: 40/40 MP: 3/3
    44 | D        | Killed a necrophage
    45 | D        | Reached skill level 8 in Unarmed Combat
    45 | D        | Reached XP level 5. HP: 33/46 MP: 4/4
    52 | D        | Reached skill level 9 in Unarmed Combat
    59 | D        | Found a snail-covered altar of Cheibriados.
    59 | D        | Found a shadowy altar of Dithmenos.
    59 | D        | Found a blossoming altar of Fedhas.
    59 | D        | Found an opulent altar of Gozag.
    60 | D        | Found a hazy altar of Hepliaklqana.
    61 | D        | Found a viscous altar of Jiyva.
    62 | D        | Found an ancient bone altar of Kikubaaqudgha.
    63 | D        | Found a corrupted altar of Lugonu.
    64 | D        | Found a burning altar of Makhleb.
    65 | D        | Found a sparkling altar of Nemelex Xobeh.
    66 | D        | Found an iron altar of Okawaru.
    89 | D        | Found a stormy altar of Qazlal.
    90 | D        | Found a sacrificial altar of Ru.
    91 | D        | Found a shimmering blue altar of Sif Muna.
    92 | D        | Found a bloodstained altar of Trog.
    93 | D        | Found a hide-covered altar of Uskayaw.
    94 | D        | Found a radiant altar of Vehumet.
    95 | D        | Found an ornate altar of the Wu Jian Council.
    96 | D        | Found a shimmering altar of Xom.
    97 | D        | Found a basalt altar of Yredelemnul.
   154 | D        | Noticed an orc warrior
   154 | D        | Noticed a gargoyle
   154 | D        | Noticed a yak
   154 | D        | Noticed a vampire mosquito
   154 | D        | Noticed a centaur
   161 | D        | Killed an orc warrior
   162 | D        | Reached skill level 10 in Unarmed Combat
   162 | D        | Reached XP level 6. HP: 33/55 MP: 5/5
   165 | D        | Killed a gargoyle
   166 | D        | Reached skill level 5 in Fighting
   166 | D        | Reached skill level 1 in Armour
   166 | D        | Reached skill level 12 in Unarmed Combat
   166 | D        | Reached XP level 7. HP: 38/62 MP: 6/6
   167 | D        | Killed a yak
   168 | D        | Reached skill level 1 in Stealth
   171 | D        | Reached skill level 13 in Unarmed Combat
   173 | D        | Killed a vampire mosquito
   177 | D        | Reached XP level 8. HP: 23/71 MP: 7/7
   185 | D        | Noticed a shadow
   185 | D        | Noticed a harpy
   185 | D        | Noticed a boulder beetle
   185 | D        | Noticed a cyan ugly thing
   185 | D        | Noticed a vampire
   188 | D        | Killed a shadow
   189 | D        | Reached skill level 14 in Unarmed Combat
   189 | D        | HP: 2/71 [harpy (shapeshifter) (4)]
   190 | D        | Killed a harpy
   191 | D        | Reached skill level 15 in Unarmed Combat
   191 | D        | Reached skill level 1 in Evocations
   196 | D        | Slain by a cyan ugly thing

Illustrated notes

Levels and vault maps discovered:
D:        linesprint [early_d, line_temple, items_1, d_10, items_2, lair_1,
          lair_end, items_3, orc_1, orc_end, items_4, d_15, swamp_1, shoals_1,
          snake_1, spider_1, d_20, vaults_1, items_5, swamp_end, shoals_end,
          snake_end, spider_end, vaults_end, d_27, items_6, zot_1, zot_end,
          crypt_end, forest_end, elf_end, slime_end, tomb_end, abyss_end,
          pan_hell_end]

Skill      XL: |  1  2  3  4  5  6  7  8 |
---------------+-------------------------+-----
Dodging        | 3 5 6 7 8 9 |  9.6
Throwing       | 2 3 4 |  4.8
Unarmed Combat | 4 7 8 10 12 13 15 | 15.3
Fighting       | 3 4 5 6 |  6.9
Armour         | 1 2 3 |  3.2
Stealth        | 1 |  1.0
Evocations     | 1 |  1.1

Action                     |  1- 3 |  4- 6 |  7- 9 || total
---------------------------+-------+-------+-------++-------
  Melee: Unarmed           |    22 |    29 |    15 ||    66
         Punch             |       |     4 |     1 ||     5
  Evoke: Wand              |       |     1 |     4 ||     5
    Use: Potion            |       |       |     2 ||     2
 Armour: Leather armour    |     2 |     2 |       ||     4
         Scale mail        |       |       |     3 ||     3
  Dodge: Dodged            |     7 |    10 |    12 ||    29

Table legend: (Time is in decaauts)
 A = Elapsed time spent in this place.
 B = Non-inter-level travel time spent in this place.
 C = Inter-level travel time spent in this place.
 D = Time resting spent in this place.
 E = Time spent auto-exploring this place.
 F = Levels seen in this place.
 G = Mean time per level.
                   A        B        C        D        E       F      G
               +--------+--------+--------+--------+--------+-----+--------+
         Total |    185 |    185 |      0 |      0 |      0 |   1 |  185.0 |
       Dungeon |    185 |    185 |      0 |      0 |      0 |   1 |  185.0 |
               +--------+--------+--------+--------+--------+-----+--------+

Top non-repeatable levels by time:
       D: 185 daAuts
